 Dungeon Crawl Stone Soup version 0.13.0-29-gdb529de (webtiles) character file.

218 M4edhros the Ducker (level 5, 0/34 HPs)
             Began as an Octopode Artificer on Nov 14, 2013.
             Succumbed to a worker ant's poison
             ... on Level 4 of the Dungeon.
             The game lasted 00:02:13 (1489 turns).

M4edhros the Ducker (Octopode Artificer)            Turns: 1489, Time: 00:02:13

HP   0/34        AC  1     Str 10      XL: 5   Next: 18%
MP   7/7         EV 14     Int 16      God:
Gold 83          SH  0     Dex 12      Spells:  0 memorised,  4 levels left

Res.Fire  : . . .   See Invis. : .   e - +1 short sword (freeze)
Res.Cold  : . . .   Warding    : .   (no shield)
Life Prot.: . . .   Conserve   : .   (helmet restricted)
Res.Poison: .       Res.Corr.  : .   (no amulet)
Res.Elec. : .       Clarity    : .   (no ring)
Sust.Abil.: . .     Spirit.Shd : .   (no ring)
Res.Mut.  : .       Stasis     : .   (no ring)
Res.Rott. : .       Flight     : .   (no ring)
Saprovore : . . .                    (no ring)
                                     (no ring)
                                     (no ring)
                                     (no ring)

@: mildly poisoned, slightly resistant to hostile enchantments, stealthy
A: almost no armour, amphibious, 8 rings, constrict 8, camouflage 1, AC +1
a: no special abilities


You were on level 4 of the Dungeon.
You were near starving.

You visited 1 branch of the dungeon, and saw 5 of its levels.

You collected 63 gold pieces.

Inventory:

Hand weapons
 a - a +0,+0 short sword
 e - a +1,+1 short sword of freezing (weapon)
Magical devices
 b - a wand of flame (3)
 c - a wand of enslavement (11)
 d - a wand of random effects (13)
Comestibles
 f - 2 bread rations
Scrolls
 g - a scroll of enchant weapon II {unknown}
 h - 2 scrolls of identify {unknown}
 i - a scroll of remove curse {unknown}
 j - a scroll of blinking {unknown}


   Skills:
 - Level 1.0 Fighting
 - Level 1.0 Short Blades
 + Level 5.2 Dodging
 - Level 1.3 Stealth
 - Level 3.2 Evocations


You had 4 spell levels left.
You didn't know any spells.

Dungeon Overview and Level Annotations

Branches:
Dungeon (5/27)
 Temple: D:4-7

Altars:

Shops:
D:5 /


Innate Abilities, Weirdness & Mutations

You cannot wear most types of armour.
You are amphibious.
You can wear up to eight rings at the same time.
You can use your tentacles to constrict many enemies at once.
Your skin changes colour to match your surroundings (Stlth).
Your rubbery body absorbs attacks (AC +1).


Message History

You squeeze the worker ant.
You kill the worker ant!
Your Dodging skill increases to level 5!
You have reached level 5!
You feel clever.
* * * LOW HITPOINT WARNING * * *
You feel sick.
Unknown command.
You aren't carrying any potions.
* * * LOW HITPOINT WARNING * * *
You feel sick.
* * * LOW HITPOINT WARNING * * *
You feel sick.
You see here a kobold corpse.
* * * LOW HITPOINT WARNING * * *
You feel sick.
* * * LOW HITPOINT WARNING * * *
You feel sick.
You feel a little better.
You die...

########.## ##.####
#(# #.# #(# #.#
######.#### #.#
#.....%...#######.#
#.........#........
#.............###.
#..................
#.........@...####
######.###....# #.#
#....# #.# #....#
..# #....# #.
######


There were no monsters in sight!

Vanquished Creatures
  A gnoll shaman (D:4)
  A worker ant (D:4)
  5 gnolls (D:4)
  An adder (D:2)
  A giant centipede (D:5)
  2 giant cockroaches
  4 hobgoblins
  4 jackals (D:1)
  A quokka (D:2)
  A bat (D:2)
  A giant newt (D:2)
  2 goblins
  4 kobolds
  2 rats (D:3)
30 creatures vanquished.

Notes
Turn   | Place    | Note
--------------------------------------------------------------
     0 | D:1      | M4edhros, the Octopode Artificer, began the quest for the Orb.
     0 | D:1      | Reached XP level 1. HP: 14/14 MP: 1/1
    87 | D:1      | Reached XP level 2. HP: 5/19 MP: 3/3
   560 | D:2      | Reached XP level 3. HP: 24/24 MP: 4/4
   634 | D:3      | You fall through a shaft!
   634 | D:5      | Entered Level 5 of the Dungeon
   634 | D:5      | Noticed an agate snail
   635 | D:5      | Noticed a giant goldfish
   651 | D:5      | Noticed a phantom
   654 | D:5      | Found Ifiusih's Magical Wand Shop.
  1069 | D:4      | Reached skill level 4 in Dodging
  1071 | D:4      | Reached XP level 4. HP: 22/29 MP: 6/6
  1483 | D:4      | Reached skill level 5 in Dodging
  1483 | D:4      | Reached XP level 5. HP: 5/34 MP: 7/7
  1488 | D:4      | HP: 1/34 [poisoned by a worker ant]
  1489 | D:4      | Succumbed to a worker ant's poison

Action                   |  1- 3 |  4- 6 || total
-------------------------+-------+-------++-------
Melee: Short sword       |    44 |    13 ||    57
Evoke: Wand              |    10 |     8 ||    18
  Use: Potion            |     2 |       ||     2
 Stab: Sleeping          |     5 |       ||     5
